 Dungeon Crawl Stone Soup version 0.22.1-2-g9c5b331 (webtiles) character file.

45 Velaskes the Chopper (level 3, -2/27 HPs)
             Began as a Demonspawn Gladiator on Dec 18, 2018.
             Slain by an adder (5 damage)
             ... on level 2 of the Dungeon.
             The game lasted 00:03:17 (1085 turns).

Velaskes the Chopper (Demonspawn Gladiator)         Turns: 1085, Time: 00:03:18

Health: -2/27      AC:  6    Str: 15    XL:     3   Next: 42%
Magic:  3/3        EV: 13    Int:  9    God:
Gold:   54         SH:  0    Dex: 14    Spells: 2/2 levels left

rFire    . . .     SeeInvis .   a - +0 war axe
rCold    . . .     Gourm    .   (no shield)
rNeg     . . .     Faith    .   b - +0 leather armour
rPois    .         Spirit   .   c - +0 helmet
rElec    .         Reflect  .   (no cloak)
rCorr    .         Harm     .   g - +1 pair of gloves
MR       .....                  (no boots)
Stlth    +.........             (no amulet)
HPRegen  0.09/turn              (no ring)
MPRegen  0.08/turn              (no ring)

@: lethally poisoned (-2 -> -8)
A: claws 1
a: no special abilities


You were on level 2 of the Dungeon.
You were not hungry.

You visited 1 branch of the dungeon, and saw 2 of its levels.

You collected 54 gold pieces.

Inventory:

Hand Weapons
 a - a +0 war axe (weapon)
Missiles
 d - 3 throwing nets (quivered)
Armour
 b - a +0 leather armour (worn)
 c - a +0 helmet (worn)
 g - a +1 pair of gloves (worn)
Scrolls
 h - a scroll of magic mapping {unknown}
 j - a scroll of immolation {unknown}
 k - a scroll of teleportation {unknown}
 m - a scroll of enchant armour {unknown}
Potions
 e - 2 potions of brilliance {unknown}
 i - a potion of lignification {unknown}
Comestibles
 f - a ration
 l - 3 chunks of flesh


   Skills:
 + Level 2.2 Fighting
 + Level 3.3 Axes
 + Level 1.9 Throwing
 + Level 0.1 Armour
 + Level 3.1 Dodging
 + Level 1.0 Stealth


You had 2 spell levels left.
You didn't know any spells.
Your spell library was empty.

Dungeon Overview and Level Annotations

Branches:
Dungeon (2/15)

Altars:


Innate Abilities, Weirdness & Mutations

You have sharp fingernails.


Message History

You closely miss the adder.
The adder is moderately wounded.
You feel sick. The adder barely misses you. x2
You closely miss the adder.
The adder is moderately wounded.
The adder misses you. The adder closely misses you.
You hit the adder.
The adder is heavily wounded.
You feel sick. The adder closely misses you. The adder bites you.
* * * LOW HITPOINT WARNING * * *
You are lethally poisoned!
The adder poisons you!
You hit the adder but do no damage.
The adder is heavily wounded.
* * * LOW HITPOINT WARNING * * *
You feel sick. The adder misses you.
You hit the adder.
The adder is almost dead.
The adder closely misses you. The adder bites you.
You die...

..##...###.####..#.........
)...............÷..#.......
....#.###..####.†.....#....
†##...##..#####....#.## ...
.........###....#....# .
.####........##.#...##
#####.#..### #.....##
##......# ##..S...#
#..#.##.# #.)@.##.#
##.##.##.#####....##.###
.<.##.##..........##...#
...##.########......##.#
.#.##.# ##........#.#
.#..#.# #...........#
.##...# #...........# .#
#..# #...........# .. ...#
#.............


You could see an adder.

Vanquished Creatures
  An adder (D:2)
  2 dart slugs (D:1)
  A leopard gecko (D:2)
  2 giant cockroaches
  5 hobgoblins
  3 kobolds
  8 bats
  A frilled lizard (D:1)
  4 goblins
  3 rats
30 creatures vanquished.

Notes
Turn   | Place    | Note
-------+----------+-------------------------------------------
     0 | D:1      | Velaskes the Demonspawn Gladiator began the quest for the
                  | Orb.
     0 | D:1      | Reached XP level 1. HP: 16/16 MP: 1/1
     6 | D:1      | Noticed a komodo dragon
     6 | D:1      | Noticed a soldier ant
     6 | D:1      | Noticed a centaur
   187 | D:1      | Gained mutation: You have sharp fingernails. [demonic
                  | ancestry]
   187 | D:1      | Reached XP level 2. HP: 21/22 MP: 2/2
   979 | D:2      | Reached XP level 3. HP: 27/27 MP: 3/3
  1050 | D:2      | Reached skill level 1 in Stealth
  1085 | D:2      | Slain by an adder

Skill      XL: |  1  2  3 |
---------------+----------+-----
Axes           | 3 |  3.3
Dodging        | 3 |  3.1
Stealth        | 1 |  1.0
Fighting       | |  2.2
Throwing       | |  1.9
Armour         | |  0.1

Action                   || total
-------------------------++-------
Melee: War axe           ||   113
 Stab: Sleeping          ||     2
  Eat: Chunk             ||     1
Armor: Leather armour    ||    85
Dodge: Dodged            ||   141
